cohdb
Replays
Latest Replays
All Replays
Popular Replays
Top Player Replays
Match Explorer
How It Works
Community
CoH3 Stats
Reddit
Sign in to upload your games and track your stats! →
Sign in with Steam
Match 45110347
Unlisted
Match 45110347
Overview
Messages
Build Orders
End
Construct Infanterie Kompanie
Grenadier Squad
Medical Station
MG 42 Machine Gun Team
Selects Breakthrough Battlegroup
Grenadier Squad
Construct Luftwaffe Kompanie
Kettenkrad Recon Vehicle
Construct Panzergrenadier Kompanie
Selects Assault Grenadiers
Selects Breakthrough
Breakthrough
Support Elements
Nebelwerfer 42 Rocket Launcher Team
Wirbelwind Flakpanzer
Selects Mechanized Assault Group
Mechanized Assault Group
Construct Panzer Kompanie
Panzer IV Medium Tank
Selects Rapid Production
Selects Blitzkrieg
Panzer IV Medium Tank
Breakthrough
Pioneer Squad
Panzer IV Medium Tank
Selects Panzer IV Command Tank Sd.Kfz. 161/1
Selects Panzer IV Command Tank Sd.Kfz. 161/1
Blitzkrieg
Panzer IV Medium Tank
Breakthrough
Fav
❋Guildam❋
ljodnster
bustling fungus
0
0
Comments
sign in to comment!
No comments posted yet!